 Dungeon Crawl Stone Soup version 0.31-a0-229-g1fc7ce93e2 (webtiles) character file.

Game seed: 5165392933537454863

25 qw the Shooter (level 3, -6/21 HPs)
             Began as a Gargoyle Hexslinger on July 6, 2023.
             Mangled by a gnoll
             ... wielding a +0 spear
              (8 damage)
             ... on level 2 of the Dungeon.
             The game lasted 00:00:12 (414 turns).

qw the Shooter (Gargoyle Hexslinger)                 Turns: 414, Time: 00:00:12

Health: -6/21      AC:  5    Str: 11    XL:     3   Next: 4%
Magic:  4/4        EV: 12    Int: 13    God:
Gold:   45         SH:  0    Dex: 14    Spells: 3/4 levels left

rFire   . . .        a - +1 sling
rCold   . . .        (no shield)
rNeg    + . .        c - +0 robe
rPois   inf          (no helmet)
rElec   +            (no cloak)
rCorr   .            (no gloves)
SInv    .            (no boots)
Will    .....        (no amulet)
Stlth   +            (no ring)
HPRegen 0.23/turn    (no ring)
MPRegen 0.09/turn

%: no passive effects
@: no status effects
A: sickness immunity, AC +3, negative energy resistance 1, electricity
resistance, torment resistance 1, petrification resistance
a: no special abilities


You were on level 2 of the Dungeon.
You visited 1 branch of the dungeon, and saw 2 of its levels.

You collected 45 gold pieces.


Innate Abilities, Weirdness & Mutations

You are immune to sickness and miasma.
Your stone body is resilient. (AC +3)
You are immune to poison.
You resist negative energy. (rN+)
You are resistant to electric shocks. (rElec)
You are resistant to unholy torment.
You are immune to petrification.


   Skills:
 + Level 1.9 Fighting
 - Level 3.0 Ranged Weapons
 - Level 1.5 Dodging
 - Level 1.0 Spellcasting
 - Level 2.6 Hexes


You had 3 spell levels left.
You knew the following spells:

 Your Spells              Type           Power      Damage    Failure   Level
a - Slow                  Hex            28%        N/A       10%         1

Your spell library contained the following spells:

 Spells                   Type           Power      Damage    Failure   Level
 Inner Flame              Hex/Fire       4%         N/A       43%         3
 Portal Projectile        Hex/Tloc       8%         N/A       43%         3
 Cause Fear               Hex            3%         N/A       67%         4

Inventory:

Hand Weapons
 a - a +1 sling (weapon)
Armour
 c - a +0 robe (worn)
 d - a +1 robe of positive energy
 i - a +0 leather armour
Scrolls
 b - a scroll of poison
 e - 2 scrolls of identify {unknown}
 f - a scroll of amnesia {unknown}
 g - a scroll of fear {unknown}
 h - a scroll of torment {unknown}

Dungeon Overview and Level Annotations

Branches:
Dungeon (1/15)

Altars:


Message History

Ouch! That really hurt!
You shoot a sling bullet.
The sling bullet barely misses the worm.
You shoot a sling bullet. The sling bullet hits the worm.
The worm is almost dead.
The worm bites you!
You shoot a sling bullet. The sling bullet hits the worm.
The worm is almost dead.
The worm barely misses you.
You shoot a sling bullet. The sling bullet hits the worm!
You kill the worm!
You have reached level 3!
Your experience leads to an increase in your attributes!
Increase (S)trength, (I)ntelligence, or (D)exterity?
You feel agile. x2
You start resting.
A gnoll comes into view. It is wielding a +0 spear.
You shoot a sling bullet. The gnoll shouts!
The sling bullet hits the gnoll.
The gnoll is moderately wounded.
You shoot a sling bullet.
The sling bullet barely misses the gnoll.
A gnoll comes into view. It is wielding a +2 flail of venom.
You shoot a sling bullet. The gnoll shouts!
The sling bullet hits the gnoll.
The gnoll is severely wounded.
A gnoll comes into view. It is wielding a +0 spear.
You shoot a sling bullet.
The sling bullet barely misses the gnoll.
The sling bullet hits the gnoll.
The gnoll is heavily wounded.
You shoot a sling bullet.
The sling bullet barely misses the gnoll.
The sling bullet hits the gnoll but does no damage.
The gnoll is heavily wounded.
The gnoll hits you from afar with a +0 spear.
The gnoll hits you from afar with a +0 spear!
You die...

#.# #.# #.#
#.# ##.# #
#..# ...##
##.##
#....#..#
#.%@##
#.#......PP
#.#g###....
# #g# ..
..# ..# .g#
....


You could see 3 gnolls.

Vanquished Creatures
  A worm (D:2)
  2 dart slugs (D:1)
  2 endoplasms (D:1)
  2 goblins (D:1)
  3 hobgoblins
  A quokka (D:1)
  3 ball pythons (D:1)
  3 bats (D:1)
17 creatures vanquished.

Notes
Turn   | Place    | Note
-------+----------+-------------------------------------------
     0 | D:1      | qw the Gargoyle Hexslinger began the quest for the Orb.
     0 | D:1      | Reached XP level 1. HP: 12/12 MP: 2/2
     0 | D:1      | 0 ||| qw: Version: 0.3-a-46-gb1f654a
     0 | D:1      | 0 ||| qw: Game counter: 1594
     0 | D:1      | 0 ||| qw: Melee chars always use a shield: true
     0 | D:1      | 0 ||| qw: God list: Okawaru
     0 | D:1      | 0 ||| qw: Allow faded altars: false
     0 | D:1      | 0 ||| qw: Do Orc after clearing Dungeon:15 true
     0 | D:1      | 0 ||| qw: Do second Lair branch before Depths: true
     0 | D:1      | 0 ||| qw: Lair rune preference: random
     0 | D:1      | 0 ||| qw: Goals: Normal
     0 | D:1      | 0 ||| PLANNING D:1-11
    74 | D:1      | Reached XP level 2. HP: 16/16 MP: 3/3
    95 | D:1      | Found a faded altar of an unknown god.
   312 | D:1      | Reached skill level 3 in Ranged Weapons
   388 | D:1      | You fall into a shaft and drop 1 floor!
   405 | D:2      | HP: 2/16 [worm (7)]
   408 | D:2      | Reached XP level 3. HP: 3/21 MP: 4/4
   414 | D:2      | HP: 2/21 [gnoll/+0 spear (3)]
   414 | D:2      | Mangled by a gnoll

Levels and vault maps discovered:
D:1:      saegor_arrival_fortress, layout_basic,
          shapermc_ecumenical_altar_rom_forum
D:2:      layout_rooms, serial_forest, infiniplex_forest_clump_double,
          infiniplex_forest_lined_room_2, infiniplex_forest_lined_4_way,
          infiniplex_forest_clump_small, infiniplex_forest_lined_3_way,
          infiniplex_forest_lined_room_2, infiniplex_forest_clump_cross,
          infiniplex_forest_lined_room_2, serial_shops, shop, grunt_ministairs_1

Skill      XL: |  1  2 |
---------------+-------+-----
Ranged Weapons | 3 |  3.0
Fighting       | |  1.9
Dodging        | |  1.5
Spellcasting   | |  1.0
Hexes          | |  2.6

Action                     || total
---------------------------++-------
   Fire: Sling             ||    49
 Armour: Robe              ||     1
  Dodge: Dodged            ||     4

Table legend:
 A = Non-vault XP
 B = Vault XP
 C = Vault XP percentage of total XP
 D = Non-vault monster count
 E = Vault monster count
 F = Vault count percentage of total count
                 A         B        C        D         E       F
            +---------+---------+-------+---------+---------+-------
      Total |      36 |       0 |   0.0 |      17 |       0 |   0.0
            +---------+---------+-------+---------+---------+-------
        D:1 |      29 |       0 |   0.0 |      15 |       0 |   0.0
        D:2 |       7 |       0 |   0.0 |       2 |       0 |   0.0
            +---------+---------+-------+---------+---------+-------
